 Dungeon Crawl Stone Soup version 0.32-a0-675-gdc239d62e1 (webtiles) character file.

Game seed: 17331297566250177030

2 trollopo the Shield-Bearer (level 1, -1/22 HPs)
             Began as a Troll Fighter on Mar 11, 2024.
             Succumbed to a goblin's poison
             ... on level 1 of the Dungeon.
             The game lasted 00:01:05 (172 turns).

trollopo the Shield-Bearer (Troll Fighter)           Turns: 172, Time: 00:01:05

Health: -1/22      AC:  4    Str: 23    XL:     1   Next: 33%
Magic:  0/0        EV:  8    Int:  4    God:
Gold:   17         SH:  7    Dex:  9    Spells: 0/0 levels left

rFire   . .          .
                       - Unarmed
rCold   . . .        b - +0 kite shield
rNeg    . . .        a - +0 robe
rPois   .            (helmet restricted)
rElec   .            (no cloak)
rCorr   .            (gloves unavailable)
SInv    .            (boots unavailable)
Will    .....        (no amulet)
Stlth   +            (no ring)
HPRegen 1.03/turn    (no ring)
MPRegen 0.07/turn

%: no passive effects
@: lethally poisoned (-1 -> -19)
A: large, unfitting armour, claws 3, regeneration 1, shaggy fur 1, tough skin 1
a: no special abilities


You were on level 1 of the Dungeon.
You visited 1 branch of the dungeon, and saw 1 of its levels.

You collected 17 gold pieces.

Inventory:

Armour
 a - a +0 robe (worn)
 b - a +0 kite shield (worn)
Potions
 c - a potion of might
 d - a potion of enlightenment {unknown}


   Skills:
 * Level 2.4 Fighting
 * Level 2.4 Dodging
 * Level 2.8 Shields
 * Level 2.0 Unarmed Combat


You couldn't memorise any spells.
You didn't know any spells.
Your spell library was empty.

Dungeon Overview and Level Annotations

Branches:
Dungeon (1/15)

Altars:

Shops:
D:1 !(


Innate Abilities, Weirdness & Mutations

You are too large for most types of armour.
You have claws for hands.
Your natural rate of healing is unusually fast.
You are covered in fur. (AC +1)
You have tough skin. (AC +1)


Message History

You barely miss the frilled lizard. The frilled lizard barely misses you.
You claw the frilled lizard!
You kill the frilled lizard!
You see here a frilled lizard corpse.
You now have 5 gold pieces.
Found 12 gold pieces.
A rat comes into view.
Found Bal Neubb's Distillery.
The rat squeaks loudly.
You claw the rat!
You kill the rat!
You see here a rat corpse.
Found a stone staircase leading down.
You now have 17 gold pieces (gained 12).
A goblin comes into view. It is wielding a +1 dagger of venom.
The goblin shouts!
The goblin hits you but does no damage.
You are poisoned.
You barely miss the goblin.
You feel very sick. You block the goblin's attack.
You closely miss the goblin.
You feel sick.
An endoplasm comes into view.
The goblin hits you but does no damage.
You are more poisoned.
You closely miss the goblin.
You feel very sick.
The goblin hits you with a +1 dagger of venom.
You closely miss the goblin.
You feel very sick.
The goblin hits you with a +1 dagger of venom.
You are more poisoned.
The goblin hits you with a +1 dagger of venom.
You are more poisoned.
You miss the goblin.
* * * LOW HITPOINT WARNING * * *
You feel extremely sick. The goblin hits you but does no damage.
You scratch the goblin but do no damage.
You die...

#.........# ##_##
###. ###......##
#. ## ###.#### #
# #.# # #.# # #.#
# #.# #
#.############.#.
#
#........@g.J....
##############.#.


You could see an endoplasm and a goblin.

Vanquished Creatures
  A bat (D:1)
  A frilled lizard (D:1)
  A rat (D:1)
3 creatures vanquished.

Notes
Turn   | Place    | Note
-------+----------+-------------------------------------------
     0 | D:1      | trollopo the Troll Fighter began the quest for the Orb.
     0 | D:1      | Reached XP level 1. HP: 22/22 MP: 0/0
    17 | D:1      | Found a faded altar of an unknown god.
    67 | D:1      | Found Nyiq's Weapon Boutique.
   137 | D:1      | Found Bal Neubb's Distillery.
   172 | D:1      | Succumbed to a goblin's poison

Illustrated notes

Levels and vault maps discovered:
D:1:      saegor_arrival_simple_e, layout_loops_corners, basic_ecumenical_altar,
          serial_shops, nicolae_shop_tiny_waterfront,
          nicolae_shop_temple_entry_statues_fountains, shop

Action                     || total
---------------------------++-------
  Melee: Unarmed           ||    13
 Armour: Robe              ||     7
  Dodge: Dodged            ||     3
  Block: Kite shield       ||     2

Table legend: (Time is in decaauts)
 A = Elapsed time spent in this place.
 B = Non-inter-level travel time spent in this place.
 C = Inter-level travel time spent in this place.
 D = Time resting spent in this place.
 E = Time spent auto-exploring this place.
 F = Levels seen in this place.
 G = Mean time per level.
                   A        B        C        D        E       F      G
               +--------+--------+--------+--------+--------+-----+--------+
         Total |    173 |    157 |     16 |      0 |     63 |   1 |  173.0 |
       Dungeon |    173 |    157 |     16 |      0 |     63 |   1 |  173.0 |
               +--------+--------+--------+--------+--------+-----+--------+

Top non-repeatable levels by time:
     D:1: 173 daAuts
